 Dungeon Crawl Stone Soup version 0.31-a0-237-g2d982f9f85 (webtiles) character file.

Game seed: 15850975770983229203

88 qw the Shooter (level 4, 0/26 HPs)
             Began as a Gargoyle Hexslinger on July 11, 2023.
             Slain by a goblin
             ... wielding a +0 dagger
             ... led by Robin
              (2 damage)
             ... on level 3 of the Dungeon.
             The game lasted 00:00:39 (1352 turns).

qw the Shooter (Gargoyle Hexslinger)                Turns: 1352, Time: 00:00:39

Health: 0/26       AC:  8    Str: 12    XL:     4   Next: 53%
Magic:  5/5        EV: 10    Int: 13    God:
Gold:   97         SH:  0    Dex: 14    Spells: 4/5 levels left

rFire   + . .        Y - +1 sling
rCold   + . .        (no shield)
rNeg    + . .        b - +0 ring mail
rPois   inf          (no helmet)
rElec   +            a - scarf of Soempiga {rC+ rF+, -Cast +Inv Slay+2}
rCorr   .            (no gloves)
SInv    .            (no boots)
Will    .....        (no amulet)
Stlth   +            (no ring)
HPRegen 0.24/turn    (no ring)
MPRegen 0.09/turn

%: no spellcasting
@: no status effects
A: sickness immunity, AC +3, negative energy resistance 1, electricity
resistance, torment resistance 1, petrification resistance
a: Evoke Invisibility


You were on level 3 of the Dungeon.
You visited 1 branch of the dungeon, and saw 3 of its levels.

You collected 97 gold pieces.


Innate Abilities, Weirdness & Mutations

You are immune to sickness and miasma.
Your stone body is resilient. (AC +3)
You are immune to poison.
You resist negative energy. (rN+)
You are resistant to electric shocks. (rElec)
You are resistant to unholy torment.
You are immune to petrification.


   Skills:
 - Level 2.0 Fighting
 + Level 4.1 Ranged Weapons
 - Level 1.0 Armour
 - Level 1.5 Dodging
 - Level 1.0 Spellcasting
 - Level 2.6 Hexes


You had 4 spell levels left.
You knew the following spells:

 Your Spells              Type           Power      Damage    Failure   Level
a - Slow                  Hex            28%        N/A       22%         1

Your spell library contained the following spells:

 Spells                   Type           Power      Damage    Failure   Level
 Inner Flame              Hex/Fire       4%         N/A       73%         3
 Portal Projectile        Hex/Tloc       8%         N/A       73%         3
 Cause Fear               Hex            3%         N/A       91%         4

Inventory:

Hand Weapons
 Y - a +1 sling (weapon)
Armour
 a - the scarf of Soempiga (worn) {rC+ rF+, -Cast +Inv Slay+2}
   (You acquired it on level 1 of the Dungeon)

   Slay:      It affects your accuracy & damage with ranged weapons and melee
   (+2).
   +Inv:      It lets you turn invisible.
   -Cast:     It prevents spellcasting.
 b - a +0 ring mail (worn)
 c - a +3 leather armour
Potions
 f - a potion of might {unknown}
 h - a potion of mutation {unknown}
 j - a potion of lignification {unknown}
 k - a potion of ambrosia {unknown}

Dungeon Overview and Level Annotations

Branches:
Dungeon (3/15)

Altars:

Annotations:
D:3 Robin


Message History

You shoot a sling bullet. The sling bullet hits the goblin.
You kill the goblin!
The hobgoblin hits you but does no damage.
Robin throws the goblin at you! The goblin hits you but does no damage.
The hobgoblin closely misses you.
You shoot a sling bullet. The sling bullet hits the goblin.
The goblin is severely wounded.
The goblin hits you with a +0 dagger. The goblin closely misses you.
You shoot a sling bullet.
The sling bullet closely misses the goblin.
The hobgoblin barely misses you. Robin barely misses you.
The goblin hits you with a +0 dagger. The hobgoblin closely misses you.
The goblin closely misses you.
You shoot a sling bullet. The sling bullet hits the goblin.
You kill the goblin!
The goblin closely misses you.
Robin's horned helmet rattles.
Robin misses you. The hobgoblin hits you. The goblin completely misses you.
The goblin barely misses you. The hobgoblin closely misses you.
The goblin hits you but does no damage.
Robin hits you from afar with a +0 trident.
The hobgoblin closely misses you. The hobgoblin barely misses you.
You shoot a sling bullet.
The sling bullet barely misses the hobgoblin.
The goblin hits you but does no damage.
The hobgoblin hits you but does no damage.
The goblin hits you with a +0 club.
Robin hits you from afar with a +0 trident.
The hobgoblin hits you. The hobgoblin closely misses you.
You shoot a sling bullet.
The sling bullet closely misses the hobgoblin.
The goblin hits you with a +0 dagger.
The hobgoblin hits you but does no damage.
The hobgoblin barely misses you. The goblin barely misses you.
The hobgoblin barely misses you.
You shoot a sling bullet. The sling bullet hits the hobgoblin.
You kill the hobgoblin!
The hobgoblin no longer looks unusually strong.
The goblin completely misses you. The goblin hits you with a +0 dagger.
You die...

................#.#
##.#.#.#........#)####.#
##.#.#.#......#........#
..................###.##
##.#.#.#.....##..##
....#.#..#......####.#
##.#.###..............#
#.#.###...[.##g####..##
#.#.........##g@).......
##<#.###..##.##g#gg.....#
#.........# .##g#g#.##.#
#..#.###### ##.#.. ..
#..#.# ...... ## #....#
#)#...( ...#.# #.....##
####.# ## .... #.#


You could see Robin, 2 hobgoblins and 4 goblins.

Vanquished Creatures
  An adder (D:3)
  2 worms (D:2)
  5 dart slugs
  2 orcs (D:3)
  4 ball pythons
  8 endoplasms
  7 goblins
  6 hobgoblins
  A jackal (D:3)
  7 kobolds
  4 quokkas
  2 bats (D:1)
  A frilled lizard (D:1)
  3 rats
53 creatures vanquished.

Notes
Turn   | Place    | Note
-------+----------+-------------------------------------------
     0 | D:1      | qw the Gargoyle Hexslinger began the quest for the Orb.
     0 | D:1      | Reached XP level 1. HP: 12/12 MP: 2/2
     0 | D:1      | 0 ||| qw: Version: 0.3-a-52-g30416fa
     0 | D:1      | 0 ||| qw: Game counter: 5486
     0 | D:1      | 0 ||| qw: Melee chars always use a shield: true
     0 | D:1      | 0 ||| qw: God list: Okawaru
     0 | D:1      | 0 ||| qw: Allow faded altars: false
     0 | D:1      | 0 ||| qw: Do Orc after clearing Dungeon:15 true
     0 | D:1      | 0 ||| qw: Do second Lair branch before Depths: true
     0 | D:1      | 0 ||| qw: Lair rune preference: random
     0 | D:1      | 0 ||| qw: Goals: Normal
     0 | D:1      | 0 ||| PLANNING D:1-11
    69 | D:1      | Reached XP level 2. HP: 16/16 MP: 3/3
   126 | D:1      | Reached skill level 3 in Ranged Weapons
   379 | D:1      | Reached XP level 3. HP: 21/21 MP: 4/4
   383 | D:1      | Found a faded altar of an unknown god.
   545 | D:1      | 545 ||| UPGRADING to +0 leather armour.
   555 | D:1      | 555 ||| DROPPING +0 robe.
   556 | D:1      | 556 ||| READING scroll labelled BERRUC USAR.
   557 | D:1      | 557 ||| READING scroll labelled NIWNIHO VEDENG.
   572 | D:1      | 572 ||| READING scroll labelled UFRUTA GUITH.
   572 | D:1      | Identified a scroll of acquirement
   572 | D:1      | 572 ||| ACQUIRING scarf of Soempiga {rC+ rF+, -Cast +Inv
                  | Slay+2}
   572 | D:1      | Acquired the scarf of Soempiga {rC+ rF+, -Cast +Inv Slay+2}
   574 | D:1      | 574 ||| UPGRADING to scarf of Soempiga {rC+ rF+, -Cast +Inv
                  | Slay+2}.
   579 | D:1      | 579 ||| DROPPING scroll of poison.
   622 | D:2      | HP: 5/21 [worm (6)]
   626 | D:2      | HP: 1/21 [kobold/+0 dagger (3)]
  1120 | D:2      | 1120 ||| UPGRADING to +0 ring mail.
  1130 | D:2      | 1130 ||| DROPPING +0 leather armour.
  1131 | D:2      | 1131 ||| READING scroll labelled NIUHYR ISOTE.
  1132 | D:2      | 1132 ||| READING scroll labelled LADOGA VEIPT.
  1133 | D:2      | 1133 ||| DRINKING 2 fuming dark potions.
  1134 | D:2      | 1134 ||| DROPPING potion of attraction.
  1184 | D:3      | Reached XP level 4. HP: 26/26 MP: 5/5
  1192 | D:3      | Reached skill level 4 in Ranged Weapons
  1313 | D:3      | Reached skill level 1 in Armour
  1341 | D:3      | Noticed Robin
  1350 | D:3      | HP: 5/26 [hobgoblin[Robin] (2)]
  1351 | D:3      | HP: 2/26 [goblin/+0 dagger[Robin] (3)]
  1352 | D:3      | Slain by a goblin

Levels and vault maps discovered:
D:1:      evilmike_arrival_rings, layout_rooms,
          dreamdust_ecumenical_altar_statues
D:2:      minmay_alternating_diamond, layout_rooms
D:3:      layout_basic, serial_shops, shop, uniq_robin

Skill      XL: |  1  2  3  4 |
---------------+-------------+-----
Ranged Weapons | 3 4 |  4.1
Fighting       | 2 |  2.0
Armour         | 1 |  1.0
Dodging        | |  1.5
Spellcasting   | |  1.0
Hexes          | |  2.6

Action                     |  1- 3 |  4- 6 || total
---------------------------+-------+-------++-------
   Fire: Sling             |   109 |    43 ||   152
    Use: Scroll            |     5 |       ||     5
         Potion            |     1 |       ||     1
 Armour: Robe              |     5 |       ||     5
         Leather armour    |     4 |       ||     4
         Ring mail         |       |    12 ||    12
  Dodge: Dodged            |    24 |    25 ||    49

Table legend:
 A = Non-vault XP
 B = Vault XP
 C = Vault XP percentage of total XP
 D = Non-vault monster count
 E = Vault monster count
 F = Vault count percentage of total count
                 A         B        C        D         E       F
            +---------+---------+-------+---------+---------+-------
      Total |     110 |      18 |  14.1 |      44 |       9 |  17.0
            +---------+---------+-------+---------+---------+-------
        D:1 |      45 |       0 |   0.0 |      22 |       0 |   0.0
        D:2 |      30 |       6 |  16.7 |      11 |       3 |  21.4
        D:3 |      35 |      12 |  25.5 |      11 |       6 |  35.3
            +---------+---------+-------+---------+---------+-------
